 Seeded DCSS version 0.30-a0-424-g7412bad402 (webtiles) character file.

Game seed: 2672040522805985899 (custom seed)

7 innerfire433 the Trooper (level 1, 0/18 HPs)
             Began as a Demonspawn Monk on Dec 10, 2022.
             Slain by an endoplasm (2 damage)
             ... on level 1 of the Dungeon.
             The game lasted 00:00:25 (169 turns).

innerfire433 the Trooper (Demonspawn Monk)           Turns: 169, Time: 00:00:25

Health: 0/18       AC:  2    Str: 11    XL:     1   Next: 91%
Magic:  1/1        EV: 12    Int: 11    God:
Gold:   8          SH:  0    Dex: 15    Spells: 0/0 levels left

rFire   . . .      SeeInvis .    a - +0 short sword
rCold   . . .      Faith    .    (no shield)
rNeg    . . .      Spirit   .    b - +0 robe
rPois   .          Reflect  .    (no helmet)
rElec   .          Harm     .    (no cloak)
rCorr   .          Rampage  .    (no gloves)
Will    .....                    (no boots)
Stlth   ++........               (no amulet)
HPRegen 0.23/turn                (no ring)
MPRegen 0.07/turn                (no ring)

@: no status effects
A: no striking features
a: no special abilities


You were on level 1 of the Dungeon.
You visited 1 branch of the dungeon, and saw 1 of its levels.

You collected 8 gold pieces.

Inventory:

Hand Weapons
 a - a +0 short sword (weapon)
Armour
 b - a +0 robe (worn)
Potions
 c - a potion of ambrosia


   Skills:
 + Level 3.1 Fighting
 * Level 2.9 Short Blades
 * Level 0.7 Armour
 - Level 2.6 Dodging
 - Level 1.7 Stealth


You couldn't memorise any spells.
You didn't know any spells.
Your spell library was empty.

Dungeon Overview and Level Annotations

Branches:
Dungeon (1/15)

Altars:


Message History

The ball python misses you.
You closely miss the ball python. The bat closely misses you.
The bat barely misses you. The ball python bites you.
The ball python grabs you. The ball python constricts you.
You hit the ball python but do no damage.
The bat hits you. The endoplasm freezes you.
You are frozen.
The ball python bites you. The ball python constricts you.
You are too injured to fight recklessly!
You are too injured to fight recklessly!
You are too injured to fight recklessly!
You are too injured to fight recklessly!
You are too injured to fight recklessly!
You are too injured to fight recklessly!
You are too injured to fight recklessly!
You hit the ball python but do no damage.
You punch the ball python.
The ball python is moderately wounded.
The bat barely misses you. The endoplasm barely misses you.
The ball python bites you but does no damage.
The ball python constricts you.
You hit the ball python.
You kill the ball python!
The bat barely misses you. The endoplasm freezes you.
You are frozen.
You hit the bat.
The bat is moderately wounded.
The bat hits you but does no damage. The endoplasm freezes you.
You are frozen.
* * * LOW HITPOINT WARNING * * *
The bat barely misses you. The endoplasm freezes you.
You are frozen.
* * * LOW HITPOINT WARNING * * *
You see here a ball python corpse.
You hit the endoplasm but do no damage. The bat barely misses you.
You completely miss the endoplasm. The endoplasm hits you.
You die...

..# #.#.. ..# ..#.
.. #... .#
##..#####.#####.
................
..####....J.......
...>...#b.@.......
!.......[$........
#######†..........
#....#..#...
#...........
#>.####.#... #.##
##...>.
#.###.....#. ###
#.#...#.#


You could see an endoplasm and a bat.

Vanquished Creatures
  An endoplasm (D:1)
  A goblin (D:1)
  2 jackals (D:1)
  2 ball pythons (D:1)
  A rat (D:1)
7 creatures vanquished.

Notes
Turn   | Place    | Note
-------+----------+-------------------------------------------
     0 | D:1      | innerfire433 the Demonspawn Monk began the quest for the
                  | Orb.
     0 | D:1      | Reached XP level 1. HP: 18/18 MP: 1/1
   169 | D:1      | Slain by an endoplasm

Illustrated notes

Levels and vault maps discovered:
D:1:      psy_arrival_radial02, layout_rooms

Action                   || total
-------------------------++-------
Melee: Short sword       ||    34
       Punch             ||     1
Armor: Robe              ||    11
Dodge: Dodged            ||    32

Table legend: (Time is in decaauts)
 A = Elapsed time spent in this place.
 B = Non-inter-level travel time spent in this place.
 C = Inter-level travel time spent in this place.
 D = Time resting spent in this place.
 E = Time spent auto-exploring this place.
 F = Levels seen in this place.
 G = Mean time per level.
                   A        B        C        D        E       F      G
               +--------+--------+--------+--------+--------+-----+--------+
         Total |    163 |    163 |      0 |      0 |    115 |   1 |  163.0 |
       Dungeon |    163 |    163 |      0 |      0 |    115 |   1 |  163.0 |
               +--------+--------+--------+--------+--------+-----+--------+

Top non-repeatable levels by time:
     D:1: 163 daAuts
